 Dungeon Crawl Stone Soup version 0.19.0-24-gb05acd6 (webtiles) character file.

107 Leibowitz the Sneak (level 4, -2/33 HPs)
             Began as a Demigod Enchanter on Nov 21, 2016.
             Slain by an ogre
             ... wielding a +0 giant spiked club
              (35 damage)
             ... on level 4 of the Dungeon.
             The game lasted 00:07:51 (3390 turns).

Leibowitz the Sneak (Demigod Enchanter)             Turns: 3390, Time: 00:07:51

Health: -2/33      AC:  3    Str: 11    XL:     4   Next: 31%
Magic:  9/9        EV: 13    Int: 21    God:
Gold:   143        SH:  0    Dex: 16    Spells: 3 memorised, 0 levels left

rFire  . . .     SeeInvis .     a - +1 dagger (freeze)
rCold  . . .     Gourm    .     b - +1 robe
rNeg   + . .     Faith    .     (no shield)
rPois  .         Spirit   .     (no helmet)
rElec  .         Reflect  .     (no cloak)
rCorr  .         Harm     .     (no gloves)
MR     .....                    (no boots)
Stlth  +++.......               p - amulet of regeneration
                                t - ring of positive energy
                                q - ring of flight

@: no status effects
A: high mp 1
a: Evoke Flight


You were on level 4 of the Dungeon.
You were not hungry.

You visited 1 branch of the dungeon, and saw 4 of its levels.

You collected 143 gold pieces.

Inventory:

Hand Weapons
 a - a +1 dagger of freezing (weapon)
Armour
 b - a +1 robe (worn)
Jewellery
 p - an amulet of regeneration (around neck)
 q - a ring of flight (left hand)
 t - a ring of positive energy (right hand)
Wands
 B - a wand of polymorph (6/24)
Scrolls
 e - a scroll of remove curse
 f - 2 scrolls of identify
 l - a scroll of immolation {unknown}
 n - 3 scrolls of enchant weapon {unknown}
 o - 4 scrolls of enchant armour {unknown}
 s - 2 scrolls of amnesia {unknown}
 u - a scroll of teleportation {unknown}
 y - a scroll of magic mapping {unknown}
Potions
 g - a potion of brilliance
 i - a potion of resistance {unknown}
 j - a potion of agility {unknown}
 r - a potion of mutation {unknown}
 v - a potion of might {unknown}
 w - a potion of magic {unknown}
 z - a potion of heal wounds {unknown}
 A - a potion of cancellation {unknown}
Books
 c - a book of Maledictions

   Spells                             Type                      Level
   a - Corona                         Hexes                        1
   b - Ensorcelled Hibernation        Hexes/Ice                    2
   c - Confuse                        Hexes                        3
   d - Tukima's Dance                 Hexes                        3
   e - Dazzling Spray                 Conjuration/Hexes            3
Comestibles
 d - 3 bread rations
 h - 5 meat rations
 k - 2 fruits
 m - 2 royal jellies
 x - 3 chunks of flesh


   Skills:
 + Level 0.1 Fighting
 + Level 1.6 Short Blades
 + Level 2.0 Dodging
 + Level 4.0 Stealth
 + Level 1.9 Spellcasting
 + Level 3.1 Hexes
 + Level 0.6 Ice Magic


You couldn't memorise any spells.
You knew the following spells:

 Your Spells              Type           Power        Failure   Level  Hunger
a - Corona                Hex            ###....      4%          1    #......
b - Ensorcelled Hibernat  Hex/Ice        ##....       12%         2    ##.....
c - Confuse               Hex            ###.....     14%         3    ###....


Dungeon Overview and Level Annotations

Branches:
Dungeon (4/15)
 Temple: D:4-7

Shops:
D:4 [


Innate Abilities, Weirdness & Mutations

You have an increased reservoir of magic. (+10% MP)


Message History

Items here: ))) [ รท a flail of protection; a falchion; a leather armour; a dagger; an orc skeleton Unknown command.
You start resting.
HP restored.
B - a wand of polymorph You now have 143 gold pieces (gained 11).
You open the door.
Found Wetiun's Antique Armour Shop.
There is an open door here.
There is an entrance to Wetiun's Antique Armour Shop here.
You can access your shopping list by pressing '$'.
There is an open door here.
An ogre comes into view. It is wielding a giant spiked club.
The ogre barely misses you.
You hit the ogre. You freeze the ogre.
The ogre is lightly wounded.
The ogre hits you with a giant spiked club!!
Ouch! That really hurt!
You die...

#.# #.# #.# #.# #.#
#.# #.# #.# #.# #.####
#)# #.#.. # #.# #O.#
.## #.# #.#####@#
#.######.# #.......#
#........# ........##
##.####...#
########.###.......#.#
##...######...###
##### ##..... ######


You could see an ogre.

Vanquished Creatures
  A bullfrog skeleton (D:4)
  2 adders (D:2)
  A worm (D:2)
  4 dart slugs
  3 orcs (D:4)
  2 giant cockroaches
  9 goblins
  5 hobgoblins
  2 jackals (D:1)
  A quokka (D:3)
  3 bats
  4 frilled lizards
  7 kobolds
  2 rats
46 creatures vanquished.

Notes
Turn   | Place    | Note
-------+----------+-------------------------------------------
     0 | D:1      | Leibowitz the Demigod Enchanter began the quest for the Orb.
     0 | D:1      | Reached XP level 1. HP: 14/14 MP: 5/5
  1071 | D:1      | Reached XP level 2. HP: 5/20 MP: 2/7
  1075 | D:1      | Learned a level 2 spell: Ensorcelled Hibernation
  1362 | D:1      | Reached skill level 3 in Stealth
  1866 | D:2      | Reached skill level 1 in Short Blades
  2027 | D:2      | Reached XP level 3. HP: 26/26 MP: 8/8
  2269 | D:2      | Found a glowing silver altar of Zin.
  2269 | D:2      | Noticed an angel
  3222 | D:4      | Reached skill level 4 in Stealth
  3222 | D:4      | Reached XP level 4. HP: 28/33 MP: 9/9
  3227 | D:4      | Learned a level 3 spell: Confuse
  3348 | D:4      | Found Wetiun's Antique Armour Shop.
  3386 | D:4      | Noticed an ogre
  3390 | D:4      | Slain by an ogre

Skill      XL: |  1  2  3 |
---------------+----------+-----
Hexes          | 3 |  3.1
Stealth        | 3 4 |  4.0
Short Blades   | 1 |  1.6
Dodging        | 2 |  2.0
Fighting       | |  0.1
Spellcasting   | |  1.9
Ice Magic      | |  0.6

Action                   |  1- 3 |  4- 6 || total
-------------------------+-------+-------++-------
Melee: Dagger            |   128 |    21 ||   149
 Cast: Corona            |     2 |       ||     2
       Ensorcelled Hiber |    10 |       ||    10
  Use: Scroll            |     3 |       ||     3
 Stab: Sleeping          |    13 |       ||    13
  Eat: Chunk             |     8 |       ||     8
Armor: Robe              |    20 |     2 ||    22
Dodge: Dodged            |    61 |    13 ||    74
